 Dungeon Crawl Stone Soup version 0.26.0-10-g1f06aea511 (webtiles) character file.

Game seed: 12819303740257627807

580 Dracia the Tainter (level 7, -3/48 (55) HPs)
             Began as a Naga Venom Mage on Jan 20, 2021.
             Slain by a wight
             ... wielding a +0 short sword
              (10 damage)
             ... on level 4 of the Dungeon.
             The game lasted 00:12:19 (5554 turns).

Dracia the Tainter (Naga Venom Mage)                Turns: 5554, Time: 00:12:20

HP:   -3/48 (55)    AC:  8    Str: 11    XL:     7   Next: 36%
MP:   0/10          EV:  9    Int: 17    God:
Gold: 163           SH:  4    Dex: 11    Spells: 1/10 levels left

rFire    . . .     SeeInvis +   b - +0 dagger
rCold    . . .     Faith    .   g - +0 buckler
rNeg     . . .     Spirit   .   q - +0 leather armour {rPois}
rPois    +         Reflect  .   (no helmet)
rElec    .         Harm     .   n - +0 cloak
rCorr    .         Rampage  .   (no gloves)
Will     .....                  (no barding)
Stlth    ++........             (no amulet)
HPRegen  0.16/turn              O - +4 ring of protection
MPRegen  0.12/turn              (no ring)

@: short of breath, heavily drained, very slow
A: large, see invisible, deformed body, poison resistance, slowness 2, spit
poison 1, AC +2
a: Spit Poison


You were on level 4 of the Dungeon.
You visited 1 branch of the dungeon, and saw 4 of its levels.

You collected 163 gold pieces.


Innate Abilities, Weirdness & Mutations

You cannot wear boots.
Your serpentine skin is tough. (AC +2)
You have supernaturally acute eyesight. (SInv)
Armour fits poorly on your strangely shaped body.
Your system is resistant to poisons. (rPois)
You cover ground very slowly.
You can spit poison.


   Skills:
 - Level 1.5 Dodging
 - Level 3.0 Stealth
 - Level 2.4 Shields
 - Level 2.0 Spellcasting
 - Level 1.0 Transmutations
 - Level 3.0 Air Magic
 * Level 9.0 Poison Magic


You had one spell level left.
You knew the following spells:

 Your Spells              Type           Power        Failure   Level
m - Mephitic Cloud        Conj/Pois/Air  15%          14%         3
p - Poisonous Vapours     Pois/Air       44%          3%          2
z - Sting                 Tmut/Pois      72%          3%          1
X - Ignite Poison         Fire/Tmut/Pois 13%          19%         3

Your spell library contained the following spells:

 Spells                   Type           Power        Failure   Level
 Corona                   Hex            1%           26%         1
 Olgreb's Toxic Radiance  Pois           32%          6%          4
 Ensorcelled Hibernation  Hex/Ice        2%           36%         2
 Confusing Touch          Hex            1%           58%         3
 Dazzling Flash           Conj/Hex       2%           58%         3
 Tukima's Dance           Hex            1%           58%         3

Inventory:

Hand Weapons
 b - a +0 dagger (weapon)
 s - a +2 dagger of speed
Missiles
 m - 17 poisoned darts (quivered)
 p - a throwing net {=f=f}
Armour
 a - a +0 robe
 g - a +0 buckler (worn)
 n - a +0 cloak (worn)
 q - a +0 leather armour of poison resistance (worn)
Jewellery
 O - a +4 ring of protection (left hand)
Wands
 y - a wand of paralysis (10)
Scrolls
 c - 2 scrolls of fog
 d - 2 scrolls of remove curse {@r2@r2}
 e - 2 scrolls of identify {@r1@r1}
 w - a scroll of blinking {unknown}
 x - a scroll of fear {unknown}
Potions
 f - 3 potions of ambrosia
 h - a potion of might {unknown}
 i - 2 potions of flight
 j - 2 potions of heal wounds {@q2@q2}
 k - 2 potions of degeneration
 o - 2 potions of lignification {unknown}
 r - a potion of attraction {unknown}
 t - a potion of berserk rage {unknown}
 v - a potion of haste {unknown}

Dungeon Overview and Level Annotations

Branches:
Dungeon (4/15)
 Temple: D:4-7

Altars:
Ashenzari
Kikubaaqudgha
Trog
Wu Jian
Xom

Shops:
D:4

( ##.## ### #.# #.#
#.# #.#
###########.###### #>.
.............# ####.#
#####...####.#
#...@##### #...# #.#
#...z....###รท..####.#
#....###....)........
###.#.#######....###.#
#.......#####........#
#.#.#(..z........#####
#.#.###.#######.## #
#.....# #.# #.####..#
#.#


You could see a wight.


Message History

Press: ? - help, Shift-Dir - straight line, f/p - wight
Aim: a wight, wielding a +0 short sword and wearing a +0 robe (almost destroyed)
The splash of poison hits the wight.
The wight completely resists.
The wight is almost destroyed.
The wight hits you with a +0 short sword.
* * * LOW HITPOINT WARNING * * *
You feel drained.
Casting: Sting (safe; 3% risk of failure)
Confirm with . or Enter, or press ? or * to list all spells.
Aiming: Sting (safe; 3% risk of failure)
Press: ? - help, Shift-Dir - straight line, f/p - wight
Aim: a wight, wielding a +0 short sword and wearing a +0 robe (almost destroyed, 26% to evade)
The sting hits the wight.
The wight is almost destroyed.
The wight barely misses you.
You hit the wight but do no damage.
The wight is almost destroyed.
The wight closely misses you.
You closely miss the wight.
The wight is almost destroyed.
The wight hits you with a +0 short sword.
* * * LOW HITPOINT WARNING * * *
You hit the wight but do no damage.
The wight is almost destroyed.
The wight hits you with a +0 short sword.
* * * LOW HITPOINT WARNING * * *
You closely miss the wight.
The wight is almost destroyed.
The wight hits you with a +0 short sword!
You die...

Skill      XL: |  1  2  3  4  5  6  7 |
---------------+----------------------+-----
Poison Magic   | 5 6 7 8 9 |  9.0
Air Magic      | 1 2 3 |  3.0
Shields        | 1 2 |  2.4
Dodging        | |  1.5
Stealth        | |  3.0
Spellcasting   | |  2.0
Transmutations | |  1.0

Action                   |  1- 3 |  4- 6 |  7- 9 || total
-------------------------+-------+-------+-------++-------
Melee: Dagger            |    43 |    68 |    38 ||   149
       Unarmed           |     2 |       |       ||     2
Throw: Javelin           |       |       |     4 ||     4
       Dart              |       |       |     2 ||     2
 Cast: Sting             |    45 |    29 |    30 ||   104
       Poisonous Vapours |     3 |    60 |    17 ||    80
 Abil: Spit Poison       |       |     3 |     3 ||     6
  Use: Scroll            |       |    11 |     1 ||    12
 Stab: Sleeping          |     4 |     1 |     1 ||     6
Armor: Robe              |     5 |     7 |       ||    12
       Leather armour    |       |    20 |    15 ||    35
Dodge: Dodged            |    41 |    47 |    22 ||   110
Block: Buckler           |       |    22 |     9 ||    31

Levels and vault maps discovered:
D:1:      dpeg_arrival_tiny_a, layout_loops_corners
D:2:      layout_rooms, doesnt_xom_only_xom
D:3:      kennysheep_big_flooded_room, layout_loops_corners
D:4:      layout_loops_corners, bloody_trog, serial_shops, shop

Notes
Turn   | Place    | Note
-------+----------+-------------------------------------------
     0 | D:1      | Dracia the Naga Venom Mage began the quest for the Orb.
     0 | D:1      | Reached XP level 1. HP: 15/15 MP: 3/3
   176 | D:1      | Reached XP level 2. HP: 22/22 MP: 1/5
   363 | D:1      | Reached skill level 5 in Poison Magic
  1083 | D:1      | Reached XP level 3. HP: 28/28 MP: 4/6
  1090 | D:1      | Learned a level 2 spell: Poisonous Vapours
  1094 | D:1      | Learned a level 3 spell: Mephitic Cloud
  1590 | D:2      | Reached skill level 6 in Poison Magic
  1689 | D:2      | Reached XP level 4. HP: 36/36 MP: 1/7
  1867 | D:2      | Reached skill level 1 in Air Magic
  2427 | D:2      | Found a shimmering altar of Xom.
  2429 | D:2      | Found an ornate altar of the Wu Jian Council.
  2429 | D:2      | Found a sparkling altar of Nemelex Xobeh.
  2432 | D:2      | Found a shimmering altar of Xom.
  2432 | D:2      | Found a broken altar of Ashenzari.
  2432 | D:2      | Found an ancient bone altar of Kikubaaqudgha.
  2757 | D:3      | Reached XP level 5. HP: 24/42 MP: 0/8
  3448 | D:3      | Noticed an ice beast
  3464 | D:3      | Killed an ice beast
  3465 | D:3      | Reached skill level 1 in Shields
  3465 | D:3      | Reached skill level 2 in Air Magic
  3465 | D:3      | Reached skill level 7 in Poison Magic
  3465 | D:3      | Reached XP level 6. HP: 42/49 MP: 0/9
  3955 | D:3      | Reached skill level 2 in Shields
  4217 | D:2      | Learned a level 3 spell: Ignite Poison
  4243 | D:3      | Noticed a black bear
  4250 | D:3      | Killed a black bear
  4347 | D:3      | Reached skill level 8 in Poison Magic
  4443 | D:3      | Reached XP level 7. HP: 55/55 MP: 1/10
  4728 | D:4      | Found Izxu's Weapon Shop.
  4802 | D:4      | Reached skill level 3 in Air Magic
  5364 | D:4      | Found a bloodstained altar of Trog.
  5425 | D:4      | Reached skill level 9 in Poison Magic
  5554 | D:4      | Slain by a wight

Vanquished Creatures
  An ice beast (D:3)
  A black bear (D:3)
  A wight (D:4)
  An orc wizard (D:3)
  2 orc priests (D:3)
  An iguana (D:4)
  6 gnolls
  9 adders
  A white imp (D:4)
  4 worms
  3 leopard geckos
  8 orcs
  9 bats
  A giant cockroach (D:1)
  10 goblins
  6 hobgoblins
  5 jackals (D:1)
  3 quokkas
  A ball python (D:2)
  5 frilled lizards
  7 kobolds
  7 rats
92 creatures vanquished.

Table legend: (Time is in decaauts)
 A = Elapsed time spent in this place.
 B = Non-inter-level travel time spent in this place.
 C = Inter-level travel time spent in this place.
 D = Time resting spent in this place.
 E = Time spent auto-exploring this place.
 F = Levels seen in this place.
 G = Mean time per level.
                   A        B        C        D        E       F      G
               +--------+--------+--------+--------+--------+-----+--------+
         Total |   6440 |   6330 |    110 |    867 |   4632 |   4 | 1610.0 |
       Dungeon |   6440 |   6330 |    110 |    867 |   4632 |   4 | 1610.0 |
               +--------+--------+--------+--------+--------+-----+--------+

Top non-repeatable levels by time:
     D:3: 2213 daAuts
     D:1: 1658 daAuts
     D:2: 1641 daAuts
     D:4: 927 daAuts

Table legend:
 A = Non-vault XP
 B = Vault XP
 C = Vault XP percentage of total XP
 D = Non-vault monster count
 E = Vault monster count
 F = Vault count percentage of total count
                 A         B        C        D         E       F
            +---------+---------+-------+---------+---------+-------
      Total |     825 |       4 |   0.5 |      90 |       2 |   2.2
            +---------+---------+-------+---------+---------+-------
        D:1 |      40 |       0 |   0.0 |      25 |       0 |   0.0
        D:2 |      95 |       0 |   0.0 |      25 |       0 |   0.0
        D:3 |     502 |       4 |   0.8 |      27 |       2 |   6.9
        D:4 |     188 |       0 |   0.0 |      13 |       0 |   0.0
            +---------+---------+-------+---------+---------+-------
